 Dungeon Crawl Stone Soup version 0.26-b1-32-g5d43845318 (webtiles) character file.

Game seed: 13714201298902773059

494870 sanka the Slayer (level 23, -6/203 HPs)
             Began as a Mummy Arcane Marksman on Jan 10, 2021.
             Was a High Priest of Okawaru.
             Splashed by an acid blob's acid (7 damage)
             ... created by the Royal Jelly
             ... on level 5 of the Pits of Slime on Jan 11, 2021.
             The game lasted 03:01:04 (82406 turns).

sanka the Slayer (Mummy Arcane Marksman)           Turns: 82406, Time: 03:01:05

Health: -6/203     AC: 47    Str: 25 (26) XL:     23   Next: 94%
Magic:  24/29      EV: 20    Int: 12      God:    Okawaru [*****.]
Gold:   2110       SH: 14    Dex: 21      Spells: 23/24 levels left

rFire    + . .     SeeInvis +   b - +18 lance "Wyrmbane" {slay drac, rPois rF+ rC+ AC+3}
rCold    + + .     Faith    .   V - +2 buckler {AC+3}
rNeg     + + +     Spirit   .   R - +6 crystal plate armour of Giynatz {Str+5}
rPois    ∞         Reflect  +   Q - +2 helmet {SInv}
rElec    .         Harm     .   Y - +1 cloak {rCorr}
rCorr    +         Rampage  .   S - +0 pair of gloves {archery}
Will     ++...                  P - +1 pair of boots {Fly}
Stlth    ..........             U - amulet of Orymipt {Reflect SH+5 Stlth+}
HPRegen  0.43/turn              z - ring "Gifukkamm" {+Fly rPois rF+ Dex+6 Stlth-}
MPRegen  0.21/turn              k - +4 ring of protection

@: heroism, finesse, corroded, flying
A: no potions, fire vulnerability, cold resistance 1, negative energy resistance
3, torment resistance, unbreathing, in touch with death 1
}: 2/15 runes: barnacled, gossamer
a: Stop Flying, Renounce Religion, Heroism, Finesse


You were on level 5 of the Pits of Slime.
You worshipped Okawaru.
Okawaru was extremely pleased with you.
You visited 8 branches of the dungeon, and saw 45 of its levels.
You also visited: Trove, Ossuary, Ice Cave and Volcano.

You collected 6105 gold pieces.
You spent 3995 gold pieces at shops.


Innate Abilities, Weirdness & Mutations

You do not drink.
Your flesh is vulnerable to fire.
You are immune to poison.
Your flesh is cold resistant. (rC+)
You are immune to negative energy. (rN+++)
You are immune to unholy pain and torment.
You can survive without breathing.
You are in touch with the powers of death.


   Skills:
 - Level 22.0(27) Fighting
 - Level 9.0(14.0) Polearms
 + Level 14.5(19.5) Throwing
 + Level 21.1(26.1) Armour
 - Level 15.0(20.0) Dodging
 - Level 4.0(9.0) Shields
 - Level 1.3 Spellcasting
 - Level 2.6 Hexes
 - Level 8.0 Invocations


You had 23 spell levels left.
You knew the following spells:

 Your Spells              Type           Power        Failure   Level
Z - Corona                Hex            7%           58%         1

Your spell library contained the following spells:

 Spells                   Type           Power        Failure   Level
 Slow                     Hex            7%           75%         2
 Ensorcelled Hibernation  Hex/Ice        8%           89%         2
 Foxfire                  Conj/Fire      0%           92%         1
 Freeze                   Ice            0%           92%         1
 Magic Dart               Conj           0%           92%         1
 Summon Small Mammal      Summ           0%           92%         1
 Confusing Touch          Hex            7%           92%         3
 Tukima's Dance           Hex            7%           92%         3
 Blink                    Tloc           N/A          98%         2
 Call Imp                 Summ           0%           98%         2
 Passwall                 Tmut/Erth      0%           98%         2
 Swiftness                Air            0%           98%         2
 Dazzling Flash           Conj/Hex       8%           98%         3
 Inner Flame              Hex/Fire       4%           98%         3
 Portal Projectile        Hex/Tloc       8%           98%         3
 Summon Guardian Golem    Hex/Summ       4%           98%         3
 Call Canine Familiar     Summ           0%           100%        3
 Conjure Flame            Conj/Fire      0%           100%        3
 Frozen Ramparts          Ice            0%           100%        3
 Gell's Gravitas          Tloc           0%           100%        3
 Ignite Poison            Fire/Tmut/Pois 0%           100%        3
 Mephitic Cloud           Conj/Pois/Air  0%           100%        3
 Ozocubu's Armour         Ice            0%           100%        3
 Cause Fear               Hex            3%           100%        4
 Hailstorm                Conj/Ice       0%           100%        4
 Leda's Liquefaction      Hex/Erth       2%           100%        4
 Passage of Golubria      Tloc           N/A          100%        4
 Petrify                  Tmut/Erth      0%           100%        4
 Sticky Flame             Conj/Fire      0%           100%        4
 Summon Ice Beast         Ice/Summ       0%           100%        4
 Summon Lightning Spire   Summ/Air       0%           100%        4
 Alistair's Intoxication  Tmut/Pois      0%           100%        5
 Fireball                 Conj/Fire      0%           100%        5
 Irradiate                Conj/Tmut      0%           100%        5
 Lee's Rapid Deconstruct  Erth           0%           100%        5
 Metabolic Englaciation   Hex/Ice        2%           100%        5
 Silence                  Hex/Air        2%           100%        5
 Yara's Violent Unravell  Hex/Tmut       2%           100%        5
 Eringya's Noxious Bog    Tmut/Pois      0%           100%        6
 Freezing Cloud           Conj/Ice/Air   0%           100%        6
 Invisibility             Hex            7%           100%        6
 Ozocubu's Refrigeration  Ice            0%           100%        6
 Simulacrum               Ice/Necr       0%           100%        6
 Haunt                    Necr/Summ      0%           100%        7
 Discord                  Hex            3%           100%        8
 Infestation              Necr           0%           100%        8
 Sublimation of Blood     Necr           Unusable     N/A         2
 Ice Form                 Ice/Tmut       Unusable     N/A         4
 Borgnjor's Revivificati  Necr           Unusable     N/A         8
 Necromutation            Tmut/Necr      Unusable     N/A         8
 Death's Door             Necr           Unusable     N/A         9

Inventory:

Hand Weapons
 a - a +7 demon trident of electrocution
 b - the +18 lance "Wyrmbane" (weapon) {slay drac, rPois rF+ rC+ AC+3}

   It affects your AC (+3).
   It protects you from fire.
   It protects you from cold.
   It protects you from poison.
 t - the +4 demon trident "Eras" {pain, *Noise +Blink rF++ Int+2} In the hands of one skilled in necromantic magic, it inflicts extra damage on living creatures. It affects your intelligence (+2). It greatly protects you from fire. It lets you blink. It may make noises in combat.
Missiles
 d - 9 throwing nets {=f}
 v - 60 silver javelins
 C - 107 javelins (quivered)
 E - 9 curare-tipped darts {=f}
 I - 86 boomerangs
Armour
 G - the +0 cloak "Xojumauh" {rElec}

   It insulates you from electricity.
 O - a +0 cloak of willpower
 P - a +1 pair of boots of flying (worn)
 Q - a +2 helmet of see invisible (worn)
 R - the +6 crystal plate armour of Giynatz (worn) {Str+5}

   It affects your strength (+5).
 S - a +0 pair of gloves of archery (worn)
 V - a +2 buckler of protection (worn)
 W - the +4 tower shield of Amelioration {rElec Str+9 Dex-4}

   It affects your strength (+9).
   It affects your dexterity (-4).
   It insulates you from electricity.
 Y - a +1 cloak of preservation (worn)
Jewellery
 c - an uncursed ring of willpower {unknown}
 k - a +4 ring of protection (right hand)
 m - an uncursed amulet of guardian spirit
 n - a +4 ring of protection
 w - an uncursed ring of fire
 y - an uncursed ring of protection from cold {unknown}
 z - the ring "Gifukkamm" (left hand) {+Fly rPois rF+ Dex+6 Stlth-}

   [ring of protection from fire]

   It affects your dexterity (+6).
   It protects you from fire.
   It protects you from poison.
   It lets you fly.
   It makes you less stealthy.
 T - an uncursed amulet of faith
 U - the amulet of Orymipt (around neck) {Reflect SH+5 Stlth+}

   [amulet of reflection]

   It shields you and reflects attacks.
   It affects your SH (+5).
   It makes you more stealthy.
Wands
 h - a wand of digging (4)
 l - a wand of iceblast (11)
 p - a wand of paralysis (13)
 q - a wand of disintegration (18)
 B - a wand of enslavement (22)
 D - a wand of polymorph (14)
 N - a wand of acid (5)
Scrolls
 e - 8 scrolls of magic mapping
 f - 15 scrolls of teleportation {@r4}
 g - 32 scrolls of identify {@r1}
 i - a scroll of acquirement
 j - 7 scrolls of fog
 o - a scroll of torment
 r - 21 scrolls of remove curse
 s - 3 scrolls of fear
 u - 5 scrolls of blinking
 A - a scroll of brand weapon
 F - 8 scrolls of vulnerability {!r}
 H - 3 scrolls of amnesia
 J - 2 scrolls of silence {!r}
 K - 6 scrolls of enchant armour
 L - 9 scrolls of immolation {!r}
Miscellaneous
 M - a phantom mirror

Dungeon Overview and Level Annotations

Branches:
Dungeon (15/15)            Temple (0/1) D:7            Lair (6/6) D:10
 Shoals (4/4) Lair:4       Spider (4/4) Lair:4        Slime (5/5) Lair:6
    Orc (2/2) D:10            Elf (0/3) Orc:2        Vaults (4/5) D:13
  Crypt (0/3) Vaults:2     Depths (5/5) D:15            Zot (0/5) Depths:5
Ossuary (visited)           IceCv (visited)         Volcano (visited)

Altars:
Ashenzari
Dithmenos
Elyvilon
Kikubaaqudgha
Makhleb
Nemelex Xobeh
Okawaru
Xom
Zin
Beogh
Jiyva

Shops:
D:15 [   Orc:2 ?![*:   Shoals:2 (   Shoals:3 :   Vaults:1 !   Vaults:2 !
Depths:1 *[*   Depths:2 [*((*   Depths:5 *

Portals:
Hell: Depths:1 Depths:2 Depths:3 Depths:4 Depths:5
Abyss: Depths:1 Depths:3 Depths:4
Pandemonium: Orc:2 Depths:3
Ziggurat: Depths:1

Annotations:
Shoals:1 2 runed translucent doors, Ullipcorian's ghost, adept HOFi
Shoals:2 2 transporters, exclusion: orange crystal statue
Spider:1 3 runed translucent doors, Aviun's ghost, adept SpEn; Vubreenic's ghost, adept CeHu; cfbundy's ghost, adept FoFi; reativica's ghost, journeyman CeHu
Slime:5 Royal Jelly
Depths:4 3 runed translucent doors, Caat Rau's ghost, adept DgCj

,,,,,,,,.................,,,,,,,,
,,,,,,,,........J........,,,,,,,,
,,,,,,,,........JJ.......,,,,,,,,
,,,,,,,,.................,,,,,,,,
,,,,,,,,.................,,,,,,,░
░░,,,,,,.................,,,,,,░░
░,,,,,,,................,,,,,,,░
░░,,,,,░................,,,,,,░░
░░,,░░░▒.......M.......,░,,,,░
░,░░ ▒▒.............▒░░░░░░░ ░░░
▒.....▒....▒.▒▒ ▒▒▒▒...▒.▒..▒▒
▒...░▒▒▒▒▒ ▒▒▒▒░


You could see 3 acid blobs.


Message History

As you read the scroll of blinking, it crumbles to dust.
The acid blob hits you but does no damage.
The acid blob spits acid at you. The splash of acid hits you. You resist.
* * * LOW HITPOINT WARNING * * *
You are splashed with acid!
You resist.
* * * LOW HITPOINT WARNING * * *
Unknown command.
Blink to where?
As you read the scroll of blinking, it crumbles to dust.
The acid blob spits acid at you. The splash of acid misses you.
The acid blob spits acid at you. The splash of acid hits you. You resist.
* * * LOW HITPOINT WARNING * * *
You are splashed with acid.
You resist.
* * * LOW HITPOINT WARNING * * *
There is a stone staircase leading up here.
The acid blob spits acid at you. The splash of acid hits you. You resist.
* * * LOW HITPOINT WARNING * * *
The acid corrodes you!
You are splashed with acid!
You resist.
You die...

Action                   |  1- 3 |  4- 6 |  7- 9 | 10-12 | 13-15 | 16-18 | 19-21 | 22-24 || total
-------------------------+-------+-------+-------+-------+-------+-------+-------+-------++-------
Melee: Unarmed           |    50 |       |       |       |       |       |       |       ||    50
       Short sword       |   177 |   160 |       |       |       |       |       |       ||   337
       Long sword        |       |   137 |    35 |    66 |       |       |       |       ||   238
       Dagger            |       |    23 |   266 |    93 |       |       |       |       ||   382
       Quarterstaff      |       |       |   169 |    18 |       |       |       |       ||   187
       Punch             |       |       |       |     6 |     2 |       |     3 |       ||    11
       Halberd           |       |       |       |   633 |    59 |       |       |       ||   692
       Demon trident     |       |       |       |       |  1759 |  2471 |  2480 |  1068 ||  7778
       Lajatang          |       |       |       |       |       |       |     5 |       ||     5
       Lance             |       |       |       |       |       |       |       |   739 ||   739
Throw: Javelin           |     2 |     3 |    13 |    28 |     9 |    44 |    10 |    20 ||   129
Invok: Heroism           |       |       |     7 |    28 |    30 |    16 |    39 |    20 ||   140
       Finesse           |       |       |       |       |     1 |     1 |     6 |     3 ||    11
Evoke: Wand              |       |       |       |    19 |     3 |       |       |       ||    22
  Use: Scroll            |       |       |     8 |     9 |     9 |     7 |     8 |    15 ||    56
 Stab: Petrifying        |       |       |     1 |       |       |       |       |       ||     1
       Paralysed         |       |       |       |     3 |       |       |       |       ||     3
       Confused          |       |       |       |       |     1 |       |       |       ||     1
       Distracted        |       |       |       |       |       |     1 |       |     1 ||     2
       Petrified         |       |       |       |       |       |       |       |     8 ||     8
Armor: Ring mail         |    88 |    85 |       |       |       |       |       |       ||   173
       Chain mail        |       |   121 |    58 |       |       |       |       |       ||   179
       Plate armour      |       |       |   351 |   518 |   745 |    17 |       |       ||  1631
       Crystal plate arm |       |       |       |       |    10 |  2067 |  1237 |   747 ||  4061
       Skin              |       |       |       |       |       |     2 |       |       ||     2
Dodge: Dodged            |   134 |   142 |   212 |   294 |   589 |  1260 |  1144 |   639 ||  4414
Block: Other             |       |       |     8 |   161 |    62 |       |    23 |       ||   254
       Reflection        |       |       |       |    10 |    20 |    56 |   119 |    45 ||   250
       Buckler           |       |       |       |       |   687 |  1581 |  1179 |   768 ||  4215
       Rpst.: Long sword |       |    10 |     6 |     5 |       |       |       |       ||    21

Levels and vault maps discovered:
D:1:      minmay_arrival_jagged, layout_loops_cross
D:2:      layout_basic, serial_glass, glass_columns_c, glass_columns_c,
          glass_columns_b, glass_columns_b, glass_columns_a, glass_columns_c,
          glass_columns_b, glass_columns_a, glass_columns_a, glass_columns_b
D:3:      layout_basic, hangedman_decor_push
D:4:      layout_cave_pools, serial_column_ruins, column_ruins_hut_ruined,
          column_ruins_temple_circle, column_ruins_grid_3,
          column_ruins_open_tiny, column_ruins_open_medium,
          column_ruins_open_medium, column_ruins_corridor_dead_end,
          kennysheep_okawaru_gauntlet
D:5:      layout_cave_pods, grunt_dithmenos_shadows, elyvilon_altar_3,
          uniq_crazy_yiuf_cottage
D:6:      layout_gridville
D:7:      layout_cave_pools, temple_doors_ab, enter_ossuary_1,
          uniq_prince_ribbit1, uniq_harold, uniq_maggie
D:8:      minmay_the_grid_octo_2x2 [minmay_the_grid_octo_clover,
          minmay_the_grid_octo_tetromino_candy, minmay_the_grid_octo_77,
          minmay_the_grid_octo_prize_big_c], layout_loops_ring,
          doesnt_xom_only_xom, uniq_psyche, uniq_gastronok
D:9:      layout_rooms
D:10:     layout_irregular_city, dpeg_lair_monsters,
          minmay_orc_entry_temple_large, enter_trove_2
D:11:     layout_cave_pods, serial_bayou, serial_bayou_ford_a,
          serial_bayou_pond_b, serial_bayou_lake_a, serial_bayou_pond_d
D:12:     layout_loops_corners, uniq_azrael, uniq_nergalle
D:13:     nooodl_glass_maze, layout_basic, grunt_vaults_entry_tiered,
          uniq_sonja, uniq_rupert, uniq_frances
D:14:     layout_stronghold, hangedman_glass_teeth, serial_park_tiny_pond,
          minmay_fractal_squares_gapless_5
D:15:     grunt_enter_depths_hoard, layout_basic, serial_shops,
          nicolae_shop_temple_entry_statues_fountains, chequers_avenue
Lair:1:   layout_loops_ring, portal_ice_cave_demonic_guard, minivault_19
Lair:2:   layout_layer_cave, basic_altar
Lair:3:   gammafunk_indiana_jones, layout_chaotic_city
Lair:4:   layout_misc_corridors, elwin_shoals_entry_rooms,
          nicolae_spider_entry_orb_guardian
Lair:5:   nzn_winding_woodlands_stair_trap [nzn_winding_woodlands_5x15_garden,
          nzn_winding_woodlands_5x15_default,
          nzn_winding_woodlands_5x15_concentric,
          nzn_winding_woodlands_15x15_eel_pit,
          nzn_winding_woodlands_5x15_sawtooth,
          nzn_winding_woodlands_5x15_parted, nzn_winding_woodlands_5x15_jagged],
          layout_loops_ring, uniq_urug
Lair:6:   guppyfry_lair_end_dragon, layout_gridlike, hangedman_lair_in_review,
          slime_altar_1, grunt_forest_large_clearings
Shoals:1: layout_shoals, ebering_ghost_disaster_area
Shoals:2: gammafunk_sealed_arena, layout_shoals, serial_shops, shop
Shoals:3: layout_shoals, serial_shops, nicolae_shop_crystal,
          nicolae_shoals_aquamancer_cove
Shoals:4: shoals_end_hangedman, layout_shoals
Spider:1: layout_spider_delve, gammafunk_ghost_cemetery,
          hangedman_spider_tarantella_strand
Spider:2: layout_spider_delve, special_room [special_room_bee]
Spider:3: layout_spider_delve, uniq_arachne
Spider:4: guppyfry_spider_rune, nicolae_spider_cling_ruins
Slime:1:  cheibrodos_slime_lost_civilization_9, layout_caves
Slime:2:  layout_caves, dissolution_awaits
Slime:3:  layout_caves
Slime:4:  layout_caves
Slime:5
Orc:1:    layout_caves, enter_volcano_4, nicolae_orc_flooded_monolith
Orc:2:    pf_orc_diabolical, layout_caves, serial_shops, shop, uniq_maurice
Vaults:1: v_misc_26, vaults_room_octagon, vaults_room_door_ring,
          grunt_vaults_diagonal, vaults_mumra_chevron_long,
          vaults_room_grunt_arrival_ludios, hangedman_vaults_cutoff,
          layout_vaults_big_room, serial_shops, shop
Vaults:2: v_misc_8, nicolae_vaults_border_crossing, vaults_room_door_ring,
          nicolae_vaults_angled_halls, ontoclasm_vaults_ring_large,
          vaults_room_pool, minmay_crypt_entry_simple_statues,
          grunt_vaults_hallway_short, vaults_room_semicircle, v_alt_pattern_4,
          v_alt_pattern_3, v_misc_17, hangedman_vaults_locks, v_misc_25,
          hangedman_vaults_trim, layout_vaults_omnibox, serial_shops,
          nicolae_shop_stone
Vaults:3: nicolae_vaults_puzzle_piece, nicolae_vaults_octagons,
          hangedman_vaults_variations, vaults_dpeg_ring,
          nicolae_vaults_network_square, vaults_dpeg_encased_lava,
          nicolae_vaults_little_ls, v_misc_22, v_pattern_5,
          layout_vaults_omnigrid, serial_shops, shop, uniq_nikola, uniq_margery
Vaults:4: v_misc_3, nicolae_vaults_three_branches, grunt_vaults_twisty,
          dpeg_vaults_pockets_of_resistance, hangedman_vaults_maws,
          grunt_vaults_hallway_long, v_misc_1, v_rooms_6,
          nicolae_vaults_angled_halls, grunt_vaults_focal, vaults_room_pools,
          layout_vaults_ring, uniq_xtahua
Depths:1: layout_gridville, enter_ziggurat_e, kennysheep_flooded_box,
          abyss_entry_crystal, serial_shops, shop_statue, pf_coc_iceberg,
          nicolae_blasting_shop, amcnicky_mini_pool_small,
          nicolae_elemental_shop, chequers_serial_rivers_small_b,
          minmay_parallelograms, solitary_fountain, nicolae_lava_and_water,
          evilmike_ambush [evilmike_ambush_outer_basic,
          evilmike_ambush_inner_wall_2], uniq_asterion
Depths:2: grunt_forest_end_winery, layout_cave_pools,
          chequers_serial_rivers_room_b, serial_shops, shop, shop,
          nicolae_shop_stone, shop_fountains, nicolae_shop_window_shopping,
          hell_entry, onia_ninara_cookie
Depths:3: lemuel_minitomb, layout_basic, rand_demon_pan_entry_8,
          pf_hell_entry_great_geh, chequers_serial_rivers_marsh, abyss_entry,
          infiniplex_staircase_diamond
Depths:4: cheibrodos_poisonous_passages, layout_basic, abyss_entry_glasseish,
          hell_entry, gammafunk_ghost_split, infiniplex_staircase_pillars_2
Depths:5: evilmike_zot_entry_diamond, layout_honeycomb, grunt_metal_band,
          hangedman_abyss_or_decor_stagger, guppyfry_shop_earth,
          serial_bayou_shore_b

Notes
Turn   | Place    | Note
-------+----------+-------------------------------------------
     0 | D:1      | sanka the Mummy Arcane Marksman began the quest for the
                  | Orb.
     0 | D:1      | Reached XP level 1. HP: 15/15 MP: 2/2
   373 | D:1      | Reached XP level 2. HP: 21/21 MP: 4/4
   397 | D:1      | Reached skill level 2 in Throwing
   699 | D:1      | Reached skill level 2 in Fighting
  1142 | D:2      | Reached XP level 3. HP: 26/28 MP: 5/5
  1409 | D:2      | Reached skill level 3 in Fighting
  1969 | D:2      | Reached XP level 4. HP: 26/37 MP: 6/6
  2191 | D:2      | Reached skill level 4 in Fighting
  3463 | D:3      | Reached skill level 5 in Fighting
  3463 | D:3      | Reached XP level 5. HP: 27/44 MP: 7/7
  4008 | D:4      | Found a broken altar of Ashenzari.
  4154 | D:4      | Reached XP level 6. HP: 47/52 MP: 8/8
  4567 | D:4      | Reached skill level 6 in Fighting
  4805 | D:4      | Found an iron altar of Okawaru.
  4813 | D:4      | Became a worshipper of Warmaster Okawaru
  4884 | D:5      | Entered Level 5 of the Dungeon
  5035 | D:5      | Found a shadowy altar of Dithmenos.
  5174 | D:5      | Reached skill level 7 in Fighting
  5265 | D:5      | Reached XP level 7. HP: 59/60 MP: 9/9
  5548 | D:5      | Reached skill level 8 in Fighting
  5627 | D:5      | Reached * piety under Okawaru
  5732 | D:5      | Reached skill level 1 in Invocations
  5793 | D:5      | Reached skill level 2 in Invocations
  5950 | D:5      | Found a white marble altar of Elyvilon.
  6161 | D:5      | Found a runed translucent door.
  6162 | D:5      | Noticed Crazy Yiuf
  6177 | D:5      | Killed Crazy Yiuf
  6574 | D:6      | Reached skill level 3 in Invocations
  6677 | D:6      | Reached XP level 8. HP: 68/68 MP: 10/10
  6791 | D:6      | Reached skill level 4 in Invocations
  6791 | D:6      | Reached skill level 1 in Armour
  7087 | D:6      | Reached skill level 2 in Armour
  7357 | D:7      | Reached skill level 3 in Armour
  7380 | D:7      | Found a sand-covered staircase.
  7389 | Ossuary  | Entered an ossuary
  7866 | Ossuary  | Reached skill level 4 in Armour
  8048 | D:7      | Noticed Harold
  8062 | D:7      | Killed Harold
  8063 | D:7      | Reached skill level 6 in Armour
  8063 | D:7      | Reached XP level 9. HP: 12/75 MP: 10/12
  8080 | D:7      | HP: 7/75 [iguana (7)]
  8866 | D:7      | Found a staircase to the Ecumenical Temple.
  8869 | D:7      | Reached ** piety under Okawaru
  8895 | D:7      | Noticed Prince Ribbit
  8903 | D:7      | Identified cursed +0 steam dragon scales
  8903 | D:7      | Noticed Maggie
  8935 | D:7      | Killed Prince Ribbit
  8936 | D:7      | Reached skill level 9 in Fighting
  8971 | D:7      | HP: 4/76 [gnoll/+0 halberd (7)]
  9501 | D:7      | Reached skill level 7 in Armour
 10136 | D:7      | Killed Maggie
 10478 | D:7      | Found a staircase to the Ecumenical Temple.
 10977 | D:8      | Reached XP level 10. HP: 81/85 MP: 13/13
 10983 | D:8      | Noticed a two-headed ogre
 10996 | D:8      | Reached skill level 10 in Fighting
 11012 | D:8      | Killed a two-headed ogre
 11012 | D:8      | Reached *** piety under Okawaru
 11013 | D:8      | Reached skill level 8 in Armour
 11025 | D:8      | Noticed a gargoyle
 11029 | D:8      | Killed a gargoyle
 11112 | D:8      | Reached skill level 9 in Armour
 11428 | D:8      | Reached **** piety under Okawaru
 11464 | D:8      | Identified the +7 long sword of Watchfulness {flame,
                  | *Corrode rPois Str+4 Stlth+}
 11464 | D:8      | Noticed a deep elf mage
 11498 | D:8      | Killed a deep elf mage
 11549 | D:8      | HP: 3/85 [troll (9)]
 12013 | D:8      | Noticed Gastronok
 12043 | D:8      | Killed Gastronok
 12043 | D:8      | Received a gift from Okawaru
 12044 | D:8      | Reached skill level 10 in Armour
 12360 | D:8      | Noticed a boulder beetle
 12409 | D:8      | Killed a boulder beetle
 12409 | D:8      | Reached ***** piety under Okawaru
 12410 | D:8      | Reached skill level 11 in Armour
 12410 | D:8      | Reached XP level 11. HP: 60/90 MP: 12/14
 12645 | D:8      | Identified the +4 halberd "Eghixauv" {flame, +Inv Str+7}
 12654 | D:8      | HP: 3/90 [efreet/bolt of fire (9)]
 12656 | D:8      | Noticed Psyche
 13276 | D:8      | Killed Psyche
 13363 | D:8      | Found a burning altar of Makhleb.
 13365 | D:8      | Found an iron altar of Okawaru.
 13365 | D:8      | Found an opulent altar of Gozag.
 13367 | D:8      | Found an ancient bone altar of Kikubaaqudgha.
 13367 | D:8      | Found a glowing silver altar of Zin.
 13367 | D:8      | Found a shimmering altar of Xom.
 13650 | D:9      | Reached skill level 1 in Polearms
 13844 | D:9      | Reached skill level 2 in Polearms
 14264 | D:9      | Reached skill level 3 in Polearms
 14453 | D:10     | Entered Level 10 of the Dungeon
 14532 | D:10     | Found a staircase to the Orcish Mines.
 14673 | D:10     | Noticed a death yak
 14673 | D:10     | Noticed a death yak
 14785 | D:10     | Killed a death yak
 14785 | D:10     | Received a gift from Okawaru
 14786 | D:10     | Reached skill level 4 in Polearms
 14873 | D:10     | Noticed a death yak
 14939 | D:10     | Killed a death yak
 14943 | D:10     | Killed a death yak
 14944 | D:10     | Reached skill level 5 in Polearms
 14946 | D:10     | Received a gift from Okawaru
 15043 | D:10     | Found a staircase to the Lair.
 15175 | D:10     | Found a portal to a secret trove of treasure.
 15232 | D:10     | Found a roughly hewn altar of Beogh.
 15527 | D:11     | Reached skill level 6 in Polearms
 16043 | D:11     | Reached skill level 5 in Invocations
 16302 | D:14     | Noticed a four-headed hydra
 16310 | D:14     | Killed a two-headed hydra
 16311 | D:14     | Reached XP level 12. HP: 80/97 MP: 12/16
 16403 | D:13     | Noticed a two-headed ogre
 16417 | D:13     | Killed a two-headed ogre
 16452 | D:13     | Reached skill level 7 in Polearms
 16495 | D:13     | Noticed Sonja
 16516 | D:13     | Killed Sonja
 16517 | D:13     | Reached skill level 6 in Invocations
 16728 | D:12     | Noticed a boulder beetle
 16799 | D:12     | Killed a boulder beetle
 16799 | D:12     | Reached ****** piety under Okawaru
 16883 | D:12     | Received a gift from Okawaru
 16892 | D:12     | Got a polished halberd {god gift}
 16893 | D:12     | Identified the +0 halberd "Guaqau" {vamp, *Rage Str+5}
                  | (Okawaru gifted it to you on level 12 of the Dungeon)
 17079 | D:12     | Reached skill level 7 in Invocations
 17224 | D:12     | Noticed Azrael
 17390 | D:13     | Reached skill level 8 in Polearms
 18916 | D:11     | Noticed a centaur warrior
 18973 | D:11     | Killed a centaur warrior
 18974 | D:11     | Reached skill level 8 in Invocations
 19055 | D:11     | Reached skill level 9 in Polearms
 19063 | D:11     | HP: 2/97 [yak (11)]
 20323 | Lair:1   | Entered Level 1 of the Lair of Beasts
 20753 | Lair:1   | Found a frozen archway.
 20773 | IceCv    | Entered an ice cave
 20883 | IceCv    | Reached skill level 3 in Throwing
 21002 | IceCv    | Gained mutation: You are in touch with the powers of death.
                  | [Mummy growth]
 21002 | IceCv    | Reached XP level 13. HP: 90/105 MP: 17/19
 21007 | IceCv    | Reached skill level 11 in Fighting
 21284 | IceCv    | Received a gift from Okawaru
 21442 | IceCv    | Noticed a reaper
 21460 | IceCv    | Killed a reaper
 21907 | D:10     | You paid a toll of a +4 demon trident to enter a treasure
                  | trove
 21908 | Trove    | Entered a treasure trove
 21918 | Trove    | Got a pair of faintly humming gloves
 21937 | Trove    | Got a scorched scale mail
 21939 | Trove    | Got a distressingly furry ring mail
 21965 | Trove    | Identified the +2 pair of gloves of Ezetroru {rPois} (You
                  | found it in a treasure trove)
 21975 | Trove    | Identified the +0 ring mail of Hyrememe {*Slow rC- rN+++
                  | Regen+} (You found it in a treasure trove)
 21985 | Trove    | Identified the +1 scale mail "Bikhlug" {rPois Stlth+} (You
                  | found it in a treasure trove)
 22853 | Lair:2   | Found a sparkling altar of Nemelex Xobeh.
 22925 | Lair:2   | Reached skill level 4 in Throwing
 23039 | Lair:2   | Reached skill level 2 in Dodging
 24023 | Lair:2   | Reached skill level 12 in Fighting
 24112 | Lair:3   | Received a gift from Okawaru
 24114 | Lair:3   | Reached skill level 3 in Dodging
 24172 | Lair:3   | Reached skill level 12 in Armour
 24177 | Lair:3   | Received a gift from Okawaru
 24578 | Lair:3   | Reached skill level 5 in Throwing
 24896 | Lair:3   | Found a runed translucent door.
 24922 | Lair:3   | Reached skill level 1 in Shields
 25348 | Lair:3   | Got a scorched whip
 25486 | Lair:3   | Reached skill level 4 in Dodging
 25614 | Lair:3   | Got a translucent long sword
 25627 | Lair:4   | Got a scintillating pewter ring
 25629 | Lair:4   | Identified the ring "Bukeguf" {Str+3 Stlth+} (You found it
                  | on level 4 of the Lair of Beasts)
 25798 | Lair:4   | Reached skill level 13 in Fighting
 25885 | Lair:4   | Reached skill level 2 in Shields
 26116 | Lair:4   | Reached XP level 14. HP: 117/118 MP: 20/20
 26191 | Lair:4   | Found a staircase to the Shoals.
 26360 | Lair:4   | Found a hole to the Spider Nest.
 27526 | Lair:5   | Noticed Urug
 27547 | Lair:5   | Killed Urug
 27886 | Lair:5   | Got a warped pewter ring
 28049 | Lair:5   | Identified the ring "Deca" {Ice Int+3} (You found it on
                  | level 5 of the Lair of Beasts)
 28126 | Lair:6   | Entered Level 6 of the Lair of Beasts
 28138 | Lair:6   | Received a gift from Okawaru
 28139 | Lair:6   | Reached skill level 6 in Throwing
 28165 | Lair:5   | Reached skill level 3 in Shields
 28567 | Lair:6   | Reached skill level 5 in Dodging
 28645 | Lair:6   | Received a gift from Okawaru
 29186 | Lair:6   | Found a viscous altar of Jiyva.
 29186 | Lair:6   | Found a staircase to the Slime Pits.
 29320 | Lair:5   | Reached skill level 14 in Fighting
 29413 | Lair:6   | Reached skill level 4 in Shields
 29937 | Lair:6   | Reached skill level 7 in Throwing
 30087 | Lair:6   | Reached skill level 6 in Dodging
 30476 | Lair:6   | Received a gift from Okawaru
 30690 | Lair:6   | Got a fading crystal plate armour {god gift}
 30701 | Lair:6   | Identified the +6 crystal plate armour of Giynatz {Str+5}
                  | (Okawaru gifted it to you on level 6 of the Lair of Beasts)
 30751 | Lair:6   | Reached XP level 15. HP: 127/127 MP: 21/21
 31185 | Lair:6   | Identified +0 fire dragon scales
 31200 | Lair:6   | Reached skill level 13 in Armour
 31551 | Orc:1    | Entered Level 1 of the Orcish Mines
 31664 | Orc:1    | Reached skill level 15 in Fighting
 31699 | Orc:1    | Found a dark tunnel.
 31710 | Volcano  | Entered a volcano
 31732 | Volcano  | Found a radiant altar of Vehumet.
 32647 | Orc:2    | Entered Level 2 of the Orcish Mines
 32865 | Orc:2    | Found Udykaen's General Store.
 32879 | Orc:2    | Found Fosol's Distillery.
 33375 | Orc:2    | Noticed Maurice
 33388 | Orc:2    | Killed Maurice
 33394 | Orc:2    | Reached skill level 7 in Dodging
 33662 | Orc:2    | Reached skill level 8 in Throwing
 34001 | Orc:2    | Received a gift from Okawaru
 34055 | Orc:2    | Found a staircase to the Elven Halls.
 34672 | Orc:2    | Reached skill level 8 in Dodging
 34750 | Orc:2    | Received a gift from Okawaru
 34775 | Orc:2    | Found Haddod's Book Boutique.
 34775 | Orc:2    | Found Ashrocikewn's Antique Armour Shop.
 34775 | Orc:2    | Found a one-way gate leading to the halls of Pandemonium.
 34967 | Orc:2    | Found Neror's Magic Scroll Shop.
 35162 | Orc:2    | Bought a scroll of magic mapping for 45 gold pieces
 35162 | Orc:2    | Bought a scroll of teleportation for 39 gold pieces
 35162 | Orc:2    | Bought a scroll of enchant weapon for 97 gold pieces
 35162 | Orc:2    | Bought a scroll of magic mapping for 45 gold pieces
 35206 | Orc:2    | Bought a runed kite shield for 225 gold pieces
 35206 | Orc:2    | Bought a masterwork cloak for 285 gold pieces
 35206 | Orc:2    | Bought a distressingly furry ring mail for 270 gold pieces
 35216 | Orc:2    | Identified the +1 ring mail of the Illusory Mouths {rPois
                  | rC+ rN++ Will-} (You bought it in a shop on level 2 of the
                  | Orcish Mines)
 35247 | Orc:2    | Identified the +0 cloak "Xojumauh" {rElec} (You bought it
                  | in a shop on level 2 of the Orcish Mines)
 35644 | D:14     | Reached skill level 14 in Armour
 36551 | D:15     | Entered Level 15 of the Dungeon
 36606 | D:15     | Identified +0 ice dragon scales
 36619 | D:15     | Identified +0 ice dragon scales
 36778 | D:15     | Found a staircase to the Depths.
 36979 | D:15     | Reached XP level 16. HP: 131/136 MP: 22/22
 37186 | D:15     | Reached skill level 15 in Armour
 37228 | D:15     | Received a gift from Okawaru
 37246 | D:15     | Got a transparent demon trident {god gift}
 37247 | D:15     | Identified the +4 demon trident "Eras" {pain, *Noise +Blink
                  | rF++ Int+2} (Okawaru gifted it to you on level 15 of the
                  | Dungeon)
 37366 | D:15     | Paralysed by an ogre mage for 3 turns
 37492 | D:15     | Found Kugh's Antique Armour Emporium.
 37500 | D:15     | Bought a pair of runed gloves for 195 gold pieces
 38291 | D:12     | Killed Azrael
 38292 | D:12     | Reached skill level 16 in Fighting
 38797 | D:12     | Noticed Nergalle
 38816 | D:12     | Killed Nergalle
 39355 | D:13     | Noticed Rupert
 39398 | D:13     | Killed Rupert
 39398 | D:13     | Received a gift from Okawaru
 39726 | D:13     | Noticed Frances
 39858 | D:13     | Killed Frances
 40242 | D:13     | Found a gate to the Vaults.
 40480 | Depths:1 | Entered Level 1 of the Depths
 40700 | Spider:1 | Entered Level 1 of the Spider Nest
 41661 | Spider:1 | Reached skill level 17 in Fighting
 41751 | Spider:1 | Found a runed translucent gate.
 41753 | Spider:1 | Noticed reativica's ghost (journeyman CeHu)
 41753 | Spider:1 | Noticed Aviun's ghost (adept SpEn)
 41754 | Spider:1 | Noticed Vubreenic's ghost (adept CeHu)
 41755 | Spider:1 | Found a runed translucent gate.
 41755 | Spider:1 | Noticed cfbundy's ghost (adept FoFi)
 41756 | Spider:1 | Found a runed translucent gate.
 42248 | Spider:1 | Received a gift from Okawaru
 42498 | Spider:1 | Reached XP level 17. HP: 122/147 MP: 20/23
 42771 | Spider:1 | Received a gift from Okawaru
 42772 | Spider:1 | Reached skill level 16 in Armour
 44182 | Spider:3 | Received a gift from Okawaru
 44398 | Spider:3 | Received a gift from Okawaru
 44477 | Spider:3 | Noticed Arachne
 44516 | Spider:3 | Killed Arachne
 44765 | Spider:3 | Got a faintly humming chain mail {god gift}
 44776 | Spider:3 | Identified the +3 chain mail of the Devil's Advocate {rF++}
                  | (Okawaru gifted it to you on level 3 of the Spider Nest)
 44794 | Spider:4 | Entered Level 4 of the Spider Nest
 45183 | Spider:4 | Reached skill level 18 in Fighting
 46263 | Spider:4 | Received a gift from Okawaru
 46611 | Spider:4 | Reached skill level 17 in Armour
 47543 | Spider:4 | Got a gossamer rune of Zot
 47831 | Shoals:1 | Entered Level 1 of the Shoals
 47851 | Shoals:1 | Noticed a kraken
 47889 | Shoals:1 | Killed a kraken
 47890 | Shoals:1 | Reached XP level 18. HP: 143/158 MP: 24/24
 48485 | Shoals:1 | Found a large runed translucent door.
 48485 | Shoals:1 | Found a large runed translucent door.
 48509 | Shoals:1 | Noticed Ullipcorian's ghost (adept HOFi)
 49020 | Shoals:1 | Received a gift from Okawaru
 49179 | Shoals:1 | Got a bone trident {god gift}
 49180 | Shoals:1 | Identified the +9 trident of the Tired Artisans {elec,
                  | rElec rN+ Int+4} (Okawaru gifted it to you on level 1 of
                  | the Shoals)
 49196 | Shoals:1 | Got a smoking ring mail
 49207 | Shoals:1 | Identified the cursed +1 ring mail of Honour {rPois Regen+
                  | Stlth-} (You found it on level 1 of the Shoals)
 49219 | Shoals:1 | Identified a scroll of acquirement
 49557 | Shoals:2 | Reached skill level 19 in Fighting
 49952 | Shoals:2 | Found Jair Cimuab's Weapon Boutique.
 50542 | Shoals:2 | Found a transporter.
 50873 | Shoals:2 | Found a transporter.
 51327 | Shoals:3 | Found Vuf Loli's Book Emporium.
 51409 | Shoals:3 | Received a gift from Okawaru
 51998 | Shoals:4 | Entered Level 4 of the Shoals
 53105 | Shoals:4 | Received a gift from Okawaru
 53441 | Shoals:4 | Got a sparkling golden ring
 53443 | Shoals:4 | Identified the ring "Gifukkamm" {+Fly rPois rF+ Dex+6
                  | Stlth-} (You found it on level 4 of the Shoals)
 53611 | Shoals:4 | Received a gift from Okawaru
 53843 | Shoals:4 | Got a jewelled morningstar
 53844 | Shoals:4 | Identified the +5 morningstar "Hydra's Nightmare" {pain,
                  | rPois rF+ Stlth+} (You found it on level 4 of the Shoals)
 53945 | Shoals:4 | Reached skill level 18 in Armour
 54203 | Shoals:4 | Got a barnacled rune of Zot
 54714 | Vaults:1 | Entered Level 1 of the Vaults
 54946 | Vaults:1 | Reached XP level 19. HP: 165/168 MP: 25/25
 54953 | Vaults:1 | Received a gift from Okawaru
 55163 | Vaults:1 | Received a gift from Okawaru
 55190 | Vaults:1 | Reached skill level 20 in Fighting
 55235 | Vaults:1 | Found Felikh's Distillery.
 55246 | Vaults:1 | Received a gift from Okawaru
 55275 | Vaults:1 | Reached skill level 9 in Dodging
 56785 | Vaults:2 | Received a gift from Okawaru
 56834 | Vaults:2 | Received a gift from Okawaru
 56913 | Vaults:2 | Received a gift from Okawaru
 56914 | Vaults:2 | Reached skill level 9 in Throwing
 57349 | Vaults:2 | Reached skill level 10 in Dodging
 57417 | Vaults:2 | Found a staircase to the Crypt.
 57625 | Vaults:2 | Received a gift from Okawaru
 58136 | Vaults:2 | Found Deer's Distillery.
 58175 | Vaults:2 | Reached XP level 20. HP: 168/178 MP: 24/26
 59034 | Vaults:3 | Found Kobuuta's General Store.
 60053 | Vaults:3 | Reached skill level 10 in Throwing
 60503 | Vaults:3 | Noticed Nikola
 60537 | Vaults:3 | Killed Nikola
 60537 | Vaults:3 | Received a gift from Okawaru
 60538 | Vaults:3 | Reached skill level 19 in Armour
 61240 | Vaults:3 | Reached skill level 21 in Fighting
 61255 | Vaults:3 | Reached skill level 11 in Dodging
 62387 | Vaults:4 | Received a gift from Okawaru
 62843 | Vaults:4 | Received a gift from Okawaru
 62851 | Vaults:4 | Identified +0 storm dragon scales
 62959 | Vaults:4 | Received a gift from Okawaru
 62991 | Vaults:3 | Identified +0 storm dragon scales
 63263 | Vaults:4 | Reached XP level 21. HP: 144/186 MP: 27/27
 64171 | Vaults:4 | Reached skill level 11 in Throwing
 64187 | Vaults:4 | Received a gift from Okawaru
 64625 | Vaults:4 | Noticed Xtahua
 64639 | Vaults:4 | Killed Xtahua
 65313 | Vaults:4 | Received a gift from Okawaru
 66231 | Depths:1 | Paralysed by a floating eye for 2 turns
 66323 | D:15     | Reached skill level 12 in Dodging
 66873 | D:15     | Paralysed by a floating eye for 4 turns
 67102 | D:15     | Identified +0 fire dragon scales
 67509 | Depths:1 | Identified +0 ice dragon scales
 67637 | Depths:1 | Found Poedax's Antique Armour Shop.
 67844 | Depths:1 | Found Orril's Elemental Accessories.
 67934 | Depths:1 | Noticed Asterion
 67959 | Depths:1 | Found a gateway to Hell.
 68816 | Depths:1 | Killed Asterion
 68816 | Depths:1 | Received a gift from Okawaru
 68994 | Depths:1 | Found a gateway to a ziggurat.
 69157 | Depths:1 | Found a one-way gate to the infinite horrors of the Abyss.
 69284 | Depths:1 | Found Jaubre's Demolitions Depot.
 69429 | Depths:2 | Reached XP level 22. HP: 103/196 MP: 28/28
 69429 | Depths:2 | Paralysed by a floating eye for 4 turns
 69811 | Depths:1 | Identified +0 fire dragon scales
 70181 | Depths:1 | Reached skill level 12 in Throwing
 71107 | Depths:2 | Reached skill level 22 in Fighting
 71218 | Depths:2 | Found Jopryal's Weapon Boutique.
 71273 | Depths:2 | Got a transparent glass ring
 71275 | Depths:2 | Identified the ring "Kigyor" {*Tele Int-4 Dex+3} (You found
                  | it on level 2 of the Depths)
 71378 | Depths:2 | Found Etwouc's General Store.
 72469 | Depths:2 | Found Lelit's Assorted Antiques.
 72480 | Depths:2 | Bought a translucent crystal amulet for 195 gold pieces
 72480 | Depths:2 | Identified the amulet of Orymipt {Reflect SH+5 Stlth+} (You
                  | bought it in a shop on level 2 of the Depths)
 72603 | Depths:2 | Reached skill level 20 in Armour
 72966 | Depths:2 | Reached skill level 13 in Dodging
 72984 | Depths:2 | Noticed the Enchantress
 73261 | Depths:2 | Found Guamofyl's Antique Armour Emporium.
 73269 | Depths:2 | Bought a pair of runed gloves for 337 gold pieces
 73314 | Depths:2 | Found Zavokior's Antique Weapon Shoppe.
 73322 | Depths:2 | Bought the +8 lance "Wyrmbane" {slay drac, rPois rF+ rC+
                  | AC+3} for 2262 gold pieces
 73322 | Depths:2 | Found the +8 lance "Wyrmbane" {slay drac, rPois rF+ rC+
                  | AC+3}
 73433 | Depths:2 | Killed the Enchantress
 73652 | Depths:3 | Identified +0 ice dragon scales
 74158 | Depths:2 | Received a gift from Okawaru
 74752 | Depths:3 | Received a gift from Okawaru
 75094 | Depths:3 | Received a gift from Okawaru
 75255 | Depths:3 | Reached skill level 13 in Throwing
 75520 | Depths:3 | Received a gift from Okawaru
 75775 | Depths:3 | Noticed a royal mummy
 75797 | Depths:3 | Killed a royal mummy
 76560 | Depths:3 | Identified +0 fire dragon scales
 76573 | Depths:3 | Received a gift from Okawaru
 76591 | Depths:4 | Identified +0 fire dragon scales
 76782 | Depths:4 | Reached XP level 23. HP: 203/203 MP: 29/29
 77303 | Depths:4 | Identified +0 fire dragon scales
 78013 | Depths:4 | Identified +0 ice dragon scales
 78109 | Depths:4 | Noticed Caat Rau's ghost (adept DgCj)
 78110 | Depths:4 | Found a runed translucent gate.
 78110 | Depths:4 | Found a runed translucent gate.
 78110 | Depths:4 | Found a runed translucent gate.
 78137 | Depths:4 | Identified +0 fire dragon scales
 78144 | Depths:4 | Reached skill level 14 in Dodging
 78715 | Depths:5 | Entered Level 5 of the Depths
 78808 | Depths:3 | Got a smoking buckler {god gift}
 78819 | Depths:3 | Identified the +0 buckler of the Lute {Dex+4} (Okawaru
                  | gifted it to you on level 3 of the Depths)
 79011 | Depths:5 | Identified +0 ice dragon scales
 79139 | Depths:5 | Identified +0 ice dragon scales
 79851 | Depths:5 | Received a gift from Okawaru
 79876 | Depths:5 | Paralysed by a floating eye for 3 turns
 79877 | Depths:5 | Reached skill level 14 in Throwing
 80109 | Depths:5 | Found a gate to the Realm of Zot.
 80184 | Depths:5 | Found Pavuulab's Pet Rocks.
 80391 | Depths:5 | Received a gift from Okawaru
 80725 | Depths:5 | Got a dazzling tower shield {god gift}
 80736 | Depths:5 | Identified the +4 tower shield of Amelioration {rElec Str+9
                  | Dex-4} (Okawaru gifted it to you on level 5 of the Depths)
 81251 | Slime:1  | Entered Level 1 of the Pits of Slime
 81328 | Slime:2  | Noticed Dissolution
 81356 | Slime:1  | Killed Dissolution
 81815 | Slime:3  | Reached skill level 21 in Armour
 82281 | Slime:5  | Entered Level 5 of the Pits of Slime
 82331 | Slime:5  | Found a viscous altar of Jiyva.
 82332 | Slime:5  | Noticed the Royal Jelly
 82363 | Slime:5  | Reached skill level 15 in Dodging
 82391 | Slime:5  | HP: 16/203 [acid blob[the Royal Jelly] (13)]
 82392 | Slime:5  | HP: 4/203 [acid[the Royal Jelly] (9)]
 82404 | Slime:5  | HP: 7/203 [acid blob/splash of acid[the Royal Jelly] (3)]
 82404 | Slime:5  | HP: 2/203 [acid[the Royal Jelly] (5)]
 82406 | Slime:5  | Splashed by an acid blob's acid

Vanquished Creatures
  Dissolution (Slime:1)
  A royal mummy (Depths:3)
  Xtahua (Vaults:4)
  A golden dragon (Depths:5)
  Nikola (Vaults:3)
  Arachne (Spider:3)
  Rupert (D:13)
  4 liches
  8 acid blobs
  Asterion (Depths:1)
  Frances (D:13)
  A quicksilver dragon (Depths:5)
  2 ancient champions (Depths:4)
  4 sphinxes
  A thorn hunter (Depths:2)
  Gastronok (D:8)
  3 shadow dragons
  3 krakens
  A tengu reaver (Vaults:4)
  A draconian monk (Depths:5)
  3 storm dragons
  3 azure jellies
  6 fire giants
  5 frost giants
  A deep elf sorcerer (Vaults:2)
  2 ghost moths (Spider:4)
  An emperor scorpion (shapeshifter) (Vaults:3)
  2 iron dragons (Depths:5)
  9 vault wardens
  A draconian scorcher (Depths:5)
  A ghoul (Vaults:3)
  3 spriggan defenders (Depths:2)
  10 emperor scorpions
  11 ironheart preservers
  4 reapers
  A vampire knight (D:15)
  10 very ugly things
  20 stone giants
  A deep elf demonologist (Vaults:2)
  Azrael (D:12)
  2 red draconians (Depths:5)
  4 entropy weavers
  An entropy weaver (shapeshifter) (Vaults:3)
  2 deep elf annihilators (Vaults:2)
  2 spark wasps
  A purple draconian (Depths:5)
  10 ettins
  A deep elf death mage (Vaults:3)
  2 green deaths (Depths:4)
  6 merfolk javelineers
  3 merfolk impalers (Shoals:2)
  13 fire dragons
  4 vault guards
  12 great orbs of eyes
  9 yaktaur captains
  Harold (D:7)
  8 spriggan air magi
  5 rakshasas
  14 ice dragons
  15 boulder beetles
  8 hydras
  An alligator snapping turtle (Shoals:4)
  7 merfolk aquamancers
  3 catoblepae
  2 satyrs
  A satyr (shapeshifter) (Depths:2)
  19 centaur warriors
  2 death knights
  64 two-headed ogres
  3 merfolk avatars (Shoals:4)
  9 deep troll earth magi
  A dancing weapon (Vaults:4)
  18 ogre magi
  14 deep troll shamans
  11 death yaks
  6 tengu warriors
  4 titan zombies (Depths:3)
  Urug (Lair:5)
  6 spriggan berserkers
  2 vampire magi
  5 orc high priests (Orc:2)
  Nergalle (D:12)
  Sonja (D:13)
  4 deep elf knights
  2 sixfirhies
  A fire crab (shapeshifter) (Depths:2)
  2 shadow wraiths
  11 skeletal warriors
  11 sea snakes
  15 hell knights
  27 deep trolls
  2 spark wasp zombies (Depths:3)
  4 glowing orange brains
  A swamp dragon (Lair:6)
  6 deep elf archers
  3 flayed ghosts
  3 infernal demonspawn (Orc:2)
  An iron troll (Depths:1)
  2 tengu zombies (Depths:3)
  17 ironbrand convokers
  6 wizards
  2 sphinx zombies (Depths:3)
  An iron dragon zombie (Depths:3)
  An orb spider (shapeshifter) (Depths:1)
  14 orb spiders
  20 harpies
  40 wolf spiders
  7 deep elf magi
  A tengu skeleton (Vaults:4)
  9 necromancers
  15 orc knights
  9 manticores
  20 fauns
  A fire giant zombie (Vaults:4)
  45 ugly things
  9 orc sorcerers
  6 cyclopes
  A rust devil (Orc:2)
  A moth of wrath (Spider:4)
  2 salamanders (shapeshifter)
  2 shining eyes (Slime:3)
  Maurice (Orc:2)
  2 centaur zombies (D:12)
  A guardian serpent (shapeshifter) (Vaults:3)
  10 merfolk sirens
  8 black mambas
  19 elephants
  An elephant (shapeshifter) (Depths:1)
  2 black mambas (shapeshifter)
  13 vault sentinels
  An eye of devastation (shapeshifter) (Vaults:4)
  6 water nymphs
  2 ice statues (IceCv)
  A smoke demon (Orc:2)
  3 gargoyles
  4 torpor snails
  Psyche (D:8)
  Maggie (D:7)
  15 cane toads
  An orange demon (Orc:2)
  A cane toad (shapeshifter) (Vaults:3)
  A kobold demonologist (D:12)
  2 rime drakes (Lair:6)
  9 komodo dragons
  36 yaktaurs
  A tormentor (Depths:3)
  13 freezing wraiths
  An efreet (D:8)
  12 ice devils
  4 tengu conjurers
  A hellwing (Orc:2)
  8 trolls
  15 demonic crawlers
  33 jumping spiders
  A queen bee (Spider:2)
  3 guardian mummies (Depths:3)
  4 meliai
  22 hornets
  17 wind drakes
  A shadow dragon simulacrum (Vaults:3)
  3 polar bears
  Prince Ribbit (D:7)
  A polar bear (shapeshifter) (Vaults:1)
  An ettin zombie (Vaults:4)
  30 merfolk
  3 red devils (Depths:3)
  A dream sheep (shapeshifter) (Vaults:4)
  13 blink frogs
  2 hornets (shapeshifter)
  60 slime creatures
  4 snapping turtles
  A snapping turtle (shapeshifter) (D:15)
  8 dream sheep
  A slime creature (shapeshifter) (Vaults:4)
  A stone giant simulacrum (Vaults:4)
  An ettin skeleton (Vaults:4)
  17 water elementals
  A spriggan (Depths:5)
  4 shadows
  A spriggan (shapeshifter) (Vaults:4)
  19 humans (D:13)
  53 redbacks
  23 tarantellas
  3 wraiths
  A vampire (D:11)
  8 wyverns
  2 fire elementals (D:12)
  54 yaks
  A tarantella (shapeshifter) (Vaults:3)
  10 golden eyes
  A human (shapeshifter) (Vaults:3)
  5 basilisks
  2 steam dragons (Lair:6)
  6 vampire mosquitoes (D:14)
  3 wargs
  A yaktaur simulacrum (Vaults:4)
  2 acid dragons
  A soldier ant (D:13)
  A soldier ant (shapeshifter) (D:15)
  18 water moccasins
  4 hell hounds
  6 floating eyes
  2 sky beasts
  38 orc warriors
  A swamp drake (Lair:6)
  2 black bears
  7 ice beasts
  4 eyes of draining
  A black bear (shapeshifter) (Depths:2)
  42 ogres
  5 phantoms
  A boggart (Depths:2)
  44 wolves
  41 centaurs
  An elf skeleton (Vaults:4)
  An elf simulacrum (Vaults:1)
  15 bullfrogs
  A gnoll sergeant (D:7)
  A wyvern skeleton (D:9)
  A hornet simulacrum (D:14)
  3 scorpions
  A water moccasin skeleton (D:5)
  27 killer bees
  4 howler monkeys (D:8)
  16 wights
  11 electric eels
  2 bullfrog zombies
  A human simulacrum (Vaults:3)
  2 lava snakes (Lair:3)
  2 quasits (D:12)
  13 hounds
  36 orc priests
  4 centaur skeletons
  Crazy Yiuf (D:5)
  5 jellies
  24 orc wizards
  A bullfrog skeleton (D:9)
  7 iguanas
  14 worker ants
  6 hell rats
  A killer bee zombie (D:7)
  A big kobold zombie (Ossuary)
  4 hound skeletons
  16 mummies
  2 howler monkey skeletons
  9 gnolls
  10 adders
  13 white imps
  8 ufetubi
  An ooze (D:4)
  An adder zombie (D:7)
  3 adder skeletons
  3 worms
  2 dart slugs
  8 leopard geckos
  89 orcs
  7 giant cockroaches
  7 goblins
  7 hobgoblins
  12 jackals
  4 quokkas
  2 ball pythons
  4 bats
  5 frilled lizards
  2 gnoll zombies (Ossuary)
  A hobgoblin zombie (Ossuary)
  8 kobolds
  4 kobold zombies (Ossuary)
  A leopard gecko skeleton (D:5)
  2 leopard gecko zombies
  A quokka zombie (D:5)
  3 rats
  8 tentacles
2053 creatures vanquished.

Vanquished Creatures (collateral kills)
  the Enchantress (Depths:2)
  A slime creature (Slime:5)
2 creatures vanquished.

Vanquished Creatures (others)
  A vault warden (Vaults:4)
  An ogre mage (Vaults:1)
  A wolf spider (Spider:1)
  A deep elf mage (Vaults:2)
  A tengu conjurer (D:15)
  A jumping spider (Spider:1)
  A redback (Spider:2)
  5 centaurs
  A bullfrog skeleton (D:11)
  An orc wizard (D:9)
  A hound skeleton (D:8)
  A howler monkey zombie (D:8)
  3 white imps (IceCv)
  3 ufetubi (IceCv)
  An orc (Vaults:2)
  21 fungi
  207 plants
  31 tentacles
  2 withered plants (Spider:1)
284 creatures vanquished.

Grand Total: 2339 creatures vanquished

Table legend: (Time is in decaauts)
 A = Elapsed time spent in this place.
 B = Non-inter-level travel time spent in this place.
 C = Inter-level travel time spent in this place.
 D = Time resting spent in this place.
 E = Time spent auto-exploring this place.
 F = Levels seen in this place.
 G = Mean time per level.
                   A        B        C        D        E       F      G
               +--------+--------+--------+--------+--------+-----+--------+
         Total |  80788 |  76799 |   3989 |  31103 |  26856 |  49 | 1648.7 |
       Dungeon |  27223 |  25236 |   1987 |   9643 |   9618 |  15 | 1814.9 |
          Lair |  10541 |   9898 |    643 |   3245 |   4604 |   6 | 1756.8 |
        Shoals |   6453 |   6239 |    214 |   2251 |   2761 |   4 | 1613.2 |
   Spider Nest |   6163 |   6029 |    134 |   2769 |   1479 |   4 | 1540.8 |
    Slime Pits |    973 |    973 |      0 |    573 |      0 |   5 |  194.6 |
  Orcish Mines |   3165 |   3033 |    132 |   1140 |    960 |   2 | 1582.5 |
        Vaults |  10954 |  10695 |    259 |   4338 |   3784 |   4 | 2738.5 |
        Depths |  13025 |  12407 |    618 |   6150 |   3346 |   5 | 2605.0 |
         Trove |    190 |    190 |      0 |      0 |      0 |   1 |  190.0 |
       Ossuary |    564 |    564 |      0 |    258 |    155 |   1 |  564.0 |
      Ice Cave |   1011 |   1011 |      0 |    537 |      0 |   1 | 1011.0 |
       Volcano |    522 |    522 |      0 |    195 |    149 |   1 |  522.0 |
               +--------+--------+--------+--------+--------+-----+--------+

Top non-repeatable levels by time:
Vaults:3: 4322 daAuts
Depths:1: 3761 daAuts
Depths:2: 3015 daAuts
    D:15: 2688 daAuts
  Lair:6: 2656 daAuts
Vaults:4: 2646 daAuts
     D:8: 2645 daAuts
    D:11: 2634 daAuts
    D:13: 2595 daAuts
Vaults:2: 2589 daAuts
Depths:3: 2423 daAuts
     D:7: 2383 daAuts
Shoals:4: 2361 daAuts
Depths:4: 2285 daAuts
  Lair:5: 2173 daAuts
